 Dungeon Crawl Stone Soup version 0.19.6-3-g7d5932f76a (webtiles) character file.

69440 Morbidden the Destroyer (level 14, -10/110 HPs)
             Began as a Demonspawn Conjurer on Nov 3, 2020.
             Was a High Priest of Okawaru.
             Mangled by an ettin
             ... wielding a +0 great mace
              (28 damage)
             ... on level 13 of the Dungeon.
             The game lasted 01:25:25 (28616 turns).

Morbidden the Destroyer (Demonspawn Conjurer)      Turns: 28616, Time: 01:25:25

Health: -10/110    AC: 15    Str: 10    XL:     14   Next: 90%
Magic:  0/29       EV: 14    Int: 21    God:    Okawaru [*****.]
Gold:   2126       SH: 18    Dex: 18    Spells: 6 memorised, 15 levels left

rFire  . . .     SeeInvis .       - Unarmed
rCold  + . .     Gourm    .     m - +0 mottled dragon scales
rNeg   + + +     Faith    .     g - +1 shield of Peisoh {rPois}
rPois  +         Spirit   +     (no helmet)
rElec  .         Reflect  .     N - +1 cloak
rCorr  .         Harm     .     Q - +2 pair of gloves "Gaor" {rC+ rN+++}
MR     +....                    X - +2 pair of boots
Stlth  ++++......               C - amulet of guardian spirit
                                T - +5 ring of dexterity
                                B - ring of stealth

@: no status effects
A: claws 1, large bone plates 2, spiny 1, rot immunity
a: Heroism, Finesse, Renounce Religion


You were on level 13 of the Dungeon.
You worshipped Okawaru.
Okawaru was extremely pleased with you.
You were hungry.

You visited 3 branches of the dungeon, and saw 21 of its levels.
You also visited: Ossuary and Volcano.

You collected 2126 gold pieces.

Inventory:

Missiles
 z - 4 throwing nets (quivered)
Armour
 g - the +1 shield of Peisoh (worn) {rPois}
   (You took it off a red devil on level 6 of the Lair of Beasts)

   It protects you from poison.
 m - +0 mottled dragon scales (worn)
 o - a +2 plate armour of cold resistance
 p - a +2 helmet of see invisible
 J - the cursed +1 plate armour of the Frog {Regen+ Int+2 Slay+2}
   (You found it on level 9 of the Dungeon)

   It affects your intelligence (+2).
   It affects your accuracy and damage with ranged weapons and melee attacks
   (+2).
   It increases your rate of regeneration.
   It has a curse placed upon it.
 L - a +1 scale mail of fire resistance
 N - a +1 cloak (worn)
 P - a +0 troll leather armour
 Q - the +2 pair of gloves "Gaor" (worn) {rC+ rN+++}
   (Okawaru gifted it to you on level 2 of the Lair of Beasts)

   It protects you from cold.
   It renders you almost immune to negative energy.
 X - a +2 pair of boots (worn)
Jewellery
 B - a ring of stealth (left hand)
 C - an amulet of guardian spirit (around neck)
 K - an uncursed ring of protection from cold
 T - a +5 ring of dexterity (right hand)
Wands
 l - a wand of lightning (10/15)
 x - a wand of flame (20/48)
 O - a wand of paralysis (8/24)
 V - a wand of confusion (33/48)
 W - a wand of acid (2/15)
Scrolls
 k - 2 scrolls of amnesia
 v - 4 scrolls of recharging
 w - 10 scrolls of remove curse
 y - 4 scrolls of enchant armour
 E - a scroll of teleportation
 F - 4 scrolls of fear
 Z - a scroll of immolation
Potions
 a - 4 potions of agility
 d - 5 potions of curing
 e - a potion of resistance
 f - a potion of invisibility
 h - 2 potions of cure mutation
 i - 4 potions of might
 q - 4 potions of flight
 s - a potion of berserk rage
 t - 4 potions of lignification
 A - 3 potions of mutation
 G - 3 potions of magic
 I - 6 potions of haste
 R - 3 potions of brilliance
 S - 2 potions of cancellation
Books
 b - a book of Conjurations

   Spells                             Type                      Level
   a - Magic Dart                     Conjuration                  1
   b - Searing Ray                    Conjuration                  2
   c - Dazzling Spray                 Conjuration/Hexes            3
   d - Fulminant Prism                Conjuration/Hexes            4
   e - Iskenderun's Mystic Blast      Conjuration                  4
   f - Iskenderun's Battlesphere      Conjuration/Charms           5
 u - a book of Misfortune

   Spells                             Type                      Level
   a - Confusing Touch                Hexes                        1
   b - Confuse                        Hexes                        3
   c - Gell's Gravitas                Hexes/Translocation          3
   d - Petrify                        Transmutation/Earth          4
   e - Metabolic Englaciation         Hexes/Ice                    5
   f - Yara's Violent Unravelling     Hexes/Transmutation          5
 D - a book of Power

   Spells                             Type                      Level
   a - Fulminant Prism                Conjuration/Hexes            4
   b - Iskenderun's Mystic Blast      Conjuration                  4
   c - Venom Bolt                     Conjuration/Poison           5
   d - Bolt of Magma                  Conjuration/Fire/Earth       5
   e - Iron Shot                      Conjuration/Earth            6
   f - Orb of Destruction             Conjuration                  7
   g - Spellforged Servitor           Conjuration/Summoning        7
 U - Sif Muna's Incunabulum of Mutagenic Aid
   (You found it on level 11 of the Dungeon)

   Spells                             Type                      Level
   a - Excruciating Wounds            Charms/Necromancy            5
   b - Yara's Violent Unravelling     Hexes/Transmutation          5
Comestibles
 c - 15 bread rations
 j - 23 fruits
 n - 4 meat rations
 H - 2 royal jellies
 Y - 2 beef jerkies


   Skills:
 * Level 10.1 Fighting
   Level 0.3 Polearms
 + Level 4.6 Armour
 + Level 6.8 Dodging
 + Level 4.6 Stealth
 * Level 8.3 Shields
 + Level 8.1 Unarmed Combat
 * Level 11.4 Spellcasting
 * Level 12.3 Conjurations
 - Level 2.0 Transmutations
 * Level 1.9 Fire Magic
 - Level 3.0 Earth Magic
 - Level 3.0 Poison Magic
 - Level 9.0 Invocations
 + Level 0.2 Evocations


You had 15 spell levels left.
You knew the following spells:

 Your Spells              Type           Power        Failure   Level  Hunger
a - Iskenderun's Mystic   Conj           ######..     1%          4    #......
b - Searing Ray           Conj           ######       1%          2    None
c - Venom Bolt            Conj/Pois      #####.....   24%         5    ####...
d - Petrify               Tmut/Erth      ###.....     82%         4    #......
e - Sticky Flame          Conj/Fire      #####...     12%         4    #......
z - Magic Dart            Conj           ####         1%          1    None


Dungeon Overview and Level Annotations

Branches:
Dungeon (14/15)            Temple (1/1) D:7            Lair (6/6) D:8
 Shoals (0/4) Lair:2       Spider (0/4) Lair:3        Slime (0/5) Lair:6
    Orc (0/2) D:11
 Vaults: D:13-14

Altars:
Ashenzari
Cheibriados
Dithmenos
Elyvilon
Fedhas
Gozag
Hepliaklqana
Kikubaaqudgha
Makhleb
Nemelex Xobeh
Okawaru
Qazlal
Ru
Sif Muna
Trog
Uskayaw
Vehumet
Xom
Yredelemnul
Zin
The Shining One
Jiyva

Shops:
D:8 [   D:13 }

Portals:
Hell: Lair:6

Annotations:
D:8 exclusion: 4 doors
D:9 Erolcha
D:14 Rupert


Innate Abilities, Weirdness & Mutations

You have sharp fingernails.
You are mostly covered in large bone plates. (SH +6)
You are partially covered in sharp spines.
You are immune to rotting.


Message History

Unknown command.
Unknown command.
Unknown command.
The purple ugly thing basks in the mutagenic energy from its kin and changes!
The centaur warrior shoots an arrow.
You block the arrow.
The shadow slips into darkness.
The shadow flickers and vanishes!
Deactivating autopickup; reactivate with Ctrl-A.
You block the ice beast's attack.
You climb upwards.
There is a stone staircase leading down, spattered with blood here.
Unknown command.
Unknown command.
Unknown command.
Unknown command.
Unknown command.
You block the ettin's attack. The ettin hits you with a dire flail!!!
* * * LOW HITPOINT WARNING * * *
You block the ettin's attack. The ettin hits you with a dire flail!!
You die...

........#......#....#[#...#.# #
........#......#....#.#...#.# #
........#......#....#.#...#.# #
........#......#....#)'.).#.# #
...##(###......######)#...#.# #
...#..................#...#.# #
...#.............(..).#####.#####
...#.........#######)............
...#.........#..@.Y#....##'##....
...#.........'..[C>'....#...#....
...###..(....#...u.#....#...#....
.....#.......#######....#...#....
.....#..................###'#....
.....#(.......................###
.....#........................#..
...###(#########..............#..
...#...'.......#..............#..


You could see a brown ugly thing, an ettin and an ice beast.

Vanquished Creatures
  Gastronok (Lair:4)
  Harold (Lair:2)
  8 hydras
  3 centaur warriors
  A dancing weapon (Volcano)
  6 death yaks
  Urug (D:13)
  A sun demon (Lair:6)
  An unseen horror (D:13)
  7 wizards
  A hill giant (D:13)
  A wolf spider (D:12)
  8 ugly things (D:13)
  3 manticores
  A cyclops (D:13)
  9 elephants
  A smoke demon (Lair:6)
  A centaur skeleton (D:13)
  5 toenail golems (Volcano)
  11 spiny frogs
  5 orange demons (Lair:6)
  5 black mambas
  A torpor snail (Lair:6)
  13 komodo dragons
  Psyche (D:9)
  5 rime drakes
  A freezing wraith (D:13)
  A kobold demonologist (D:12)
  2 ice devils (Lair:6)
  A red devil (Lair:6)
  2 polar bears
  A redback zombie (D:14)
  A hellwing (Lair:6)
  A queen bee (D:11)
  6 trolls
  6 hippogriffs
  2 two-headed ogres
  2 dream sheep (D:8)
  22 blink frogs
  Sigmund (D:2)
  2 shadows (D:13)
  A vampire (D:13)
  26 yaks
  4 wraiths
  A wyvern (D:9)
  2 hungry ghosts
  4 basilisks
  Eustachio (D:4)
  3 steam dragons
  3 fire bats (Lair:2)
  5 vampire mosquitoes
  Edmund (D:5)
  Menkaure (D:6)
  A mottled dragon (D:12)
  A hell hound (Lair:6)
  14 water moccasins
  7 porcupines
  An orc warrior (D:12)
  4 ice beasts
  4 sky beasts
  A black bear (Lair:2)
  A necrophage (D:7)
  4 wolves (Lair:6)
  3 ogres
  4 phantoms
  14 crocodiles
  10 centaurs
  3 big kobolds
  15 bullfrogs
  A gnoll sergeant (D:6)
  2 wyvern skeletons
  A water moccasin skeleton (D:10)
  7 scorpions
  10 killer bees (D:11)
  5 howler monkeys (D:8)
  An electric eel (Lair:2)
  9 wights
  4 crimson imps
  A bullfrog zombie (D:6)
  2 centaur zombies
  7 hounds
  2 jellies
  8 orc priests
  2 bullfrog skeletons
  15 orc wizards
  Natasha (thrice) (D:4)
  An iguana (D:4)
  9 worker ants
  A howler monkey skeleton (D:4)
  9 adders
  4 gnolls
  A shadow imp (D:6)
  An ooze (D:3)
  An adder zombie (D:8)
  2 adder skeletons
  10 worms
  2 dart slugs (D:1)
  7 leopard geckos
  67 orcs
  6 giant cockroaches
  4 goblins
  7 hobgoblins
  9 jackals
  9 quokkas
  A ball python (D:7)
  5 bats
  7 frilled lizards
  A hobgoblin skeleton (Ossuary)
  2 hobgoblin zombies (Ossuary)
  15 kobolds
  2 leopard gecko zombies
  3 orc skeletons (Ossuary)
  2 orc zombies (Ossuary)
  A quokka skeleton (D:8)
  7 rats
  A fungus (Lair:6)
568 creatures vanquished.

Vanquished Creatures (others)
  A shadow (D:11)
  32 fungi
  19 plants
52 creatures vanquished.

Grand Total: 620 creatures vanquished

Notes
Turn   | Place    | Note
-------+----------+-------------------------------------------
     0 | D:1      | Morbidden the Demonspawn Conjurer began the quest for the Orb.
     0 | D:1      | Reached XP level 1. HP: 13/13 MP: 3/3
   365 | D:1      | Gained mutation: You are partially covered in large bone plates. (SH +4) [demonic ancestry]
   365 | D:1      | Reached XP level 2. HP: 14/19 MP: 1/5
   710 | D:1      | Learned a level 2 spell: Searing Ray
  1198 | D:1      | Gained mutation: You are partially covered in sharp spines. [demonic ancestry]
  1198 | D:1      | Reached XP level 3. HP: 22/24 MP: 1/6
  1602 | D:2      | Noticed Sigmund
  1798 | D:2      | Noticed an angel
  1798 | D:2      | Found a shimmering altar of Xom.
  1799 | D:2      | Found a glowing silver altar of Zin.
  2418 | D:2      | Killed Sigmund
  2418 | D:2      | Reached skill level 1 in Fighting
  2418 | D:2      | Reached skill level 5 in Conjurations
  2418 | D:2      | Gained mutation: You have sharp fingernails. [demonic ancestry]
  2418 | D:2      | Reached XP level 4. HP: 30/32 MP: 0/9
  2418 | D:2      | Reached XP level 5. HP: 34/37 MP: 0/10
  2496 | D:3      | Noticed an ice beast
  2539 | D:3      | Killed an ice beast
  2539 | D:3      | Reached skill level 1 in Armour
  2539 | D:3      | Gained mutation: You are mostly covered in large bone plates. (SH +6) [demonic ancestry]
  2539 | D:3      | Reached XP level 6. HP: 44/44 MP: 5/11
  2909 | D:3      | Noticed a moth of wrath
  2918 | D:3      | Found a bloodstained altar of Trog.
  3053 | D:3      | Found a faded altar of an unknown god.
  3785 | D:4      | Noticed Eustachio
  3893 | D:4      | Killed Eustachio
  3893 | D:4      | Reached XP level 7. HP: 28/50 MP: 5/14
  4107 | D:4      | Noticed Natasha
  4112 | D:4      | Killed Natasha
  4191 | D:4      | Noticed Natasha
  4197 | D:4      | Killed Natasha
  4400 | D:4      | Found a sacrificial altar of Ru.
  4400 | D:4      | Found a sparkling altar of Nemelex Xobeh.
  4401 | D:4      | Found a basalt altar of Yredelemnul.
  4538 | D:4      | Noticed Natasha
  4542 | D:4      | Killed Natasha
  4542 | D:4      | Reached skill level 6 in Conjurations
  4623 | D:4      | Reached skill level 5 in Spellcasting
  4636 | D:5      | Entered Level 5 of the Dungeon
  4655 | D:5      | Noticed Edmund
  4664 | D:5      | Killed Edmund
  5253 | D:5      | Reached XP level 8. HP: 45/58 MP: 7/16
  5257 | D:5      | Found a white marble altar of Elyvilon.
  5896 | D:6      | Noticed Menkaure
  5903 | D:6      | Killed Menkaure
  5903 | D:6      | Reached skill level 7 in Conjurations
  6272 | D:6      | Reached skill level 1 in Shields
  6795 | D:6      | Reached skill level 1 in Unarmed Combat
  7118 | D:6      | Gained mutation: You are immune to rotting. [demonic ancestry]
  7118 | D:6      | Reached XP level 9. HP: 23/65 MP: 0/18
  7360 | D:7      | Noticed a hand axe
  7361 | D:7      | Noticed a hand axe
  7364 | D:7      | Found a hide-covered altar of Uskayaw.
  7503 | D:7      | Found a staircase to the Ecumenical Temple.
  7548 | Temple   | Entered the Ecumenical Temple
  7642 | Temple   | Became a worshipper of Warmaster Okawaru
  7794 | D:7      | Reached skill level 1 in Invocations
  7904 | D:7      | Found an ancient bone altar of Kikubaaqudgha.
  7904 | D:7      | Found a radiant altar of Vehumet.
  7905 | D:7      | Found a shadowy altar of Dithmenos.
  7915 | D:7      | Found a stormy altar of Qazlal.
  8121 | D:8      | Noticed a komodo dragon
  8129 | D:8      | Reached skill level 8 in Conjurations
  8327 | D:7      | Killed a komodo dragon
  8327 | D:7      | Reached skill level 5 in Fighting
  8491 | D:8      | Found a staircase to the Lair.
  8528 | D:8      | Found a sand-covered staircase.
  8533 | Ossuary  | Entered an ossuary
  8839 | Ossuary  | Reached * piety under Okawaru
  9137 | D:8      | Reached XP level 10. HP: 58/74 MP: 10/21
  9374 | D:8      | Found Cennumon's Armour Boutique.
  9496 | D:8      | Reached ** piety under Okawaru
 10157 | D:9      | Found a snail-covered altar of Cheibriados.
 10204 | D:9      | Noticed a centaur warrior
 10221 | D:9      | Killed a centaur warrior
 10229 | D:9      | Noticed Psyche
 10243 | D:9      | Killed Psyche
 10419 | D:9      | Reached *** piety under Okawaru
 10539 | D:9      | Identified the cursed +1 plate armour of the Frog {Regen+ Int+2 Slay+2} (You found it on level 9 of the Dungeon)
 10576 | D:9      | Noticed Erolcha
 10741 | D:9      | Reached skill level 9 in Conjurations
 10948 | D:9      | Learned a level 4 spell: Iskenderun's Mystic Blast
 11027 | D:9      | Reached skill level 5 in Invocations
 11177 | D:9      | Reached **** piety under Okawaru
 11569 | D:10     | Entered Level 10 of the Dungeon
 11624 | D:10     | Reached XP level 11. HP: 62/83 MP: 8/23
 12412 | D:11     | Identified Sif Muna's Incunabulum of Mutagenic Aid
 13287 | D:11     | Found a staircase to the Orcish Mines.
 13396 | D:11     | Reached ***** piety under Okawaru
 13845 | D:12     | Noticed a wolf spider
 13861 | D:12     | Killed a wolf spider
 14456 | D:12     | Noticed a six-headed hydra
 14630 | D:12     | Killed a six-headed hydra
 14786 | D:12     | Found an opulent altar of Gozag.
 14852 | D:12     | Received a gift from Okawaru
 15417 | D:12     | Reached skill level 10 in Conjurations
 15438 | D:13     | Noticed a brown ugly thing
 15473 | D:13     | Noticed a brown ugly thing
 15726 | D:13     | Noticed a centaur warrior
 15999 | D:13     | Killed a brown ugly thing
 15999 | D:13     | Reached skill level 5 in Dodging
 15999 | D:13     | Reached skill level 5 in Shields
 16192 | D:13     | Killed a brown ugly thing
 16281 | D:13     | Noticed Urug
 16327 | D:13     | Noticed a centaur warrior
 16335 | D:13     | Killed Urug
 16470 | D:13     | Killed a centaur warrior
 16470 | D:13     | Reached XP level 12. HP: 78/91 MP: 12/25
 16558 | D:13     | Killed a centaur warrior
 16729 | D:13     | Found Hoeskone's Gadget Shop.
 16920 | D:14     | Noticed a death knight
 16991 | D:14     | Noticed a five-headed hydra
 17152 | Lair:1   | Entered Level 1 of the Lair of Beasts
 17528 | Lair:1   | Received a gift from Okawaru
 17721 | Lair:1   | Noticed a six-headed hydra
 17983 | Lair:1   | Learned a level 5 spell: Venom Bolt
 18139 | Lair:1   | Killed a six-headed hydra
 18211 | Lair:1   | Reached skill level 1 in Poison Magic
 18658 | Lair:2   | Reached skill level 11 in Conjurations
 18703 | Lair:2   | Noticed a seven-headed hydra
 18712 | Lair:2   | Killed a seven-headed hydra
 18736 | Lair:2   | Found a dark tunnel.
 18756 | Volcano  | Entered a volcano
 18923 | Volcano  | Reached skill level 10 in Spellcasting
 19280 | Volcano  | Reached skill level 5 in Unarmed Combat
 19295 | Volcano  | Reached XP level 13. HP: 95/98 MP: 9/27
 19534 | Lair:2   | Noticed Harold
 19578 | Lair:2   | Noticed Gastronok
 19907 | Lair:2   | Killed Harold
 19907 | Lair:2   | Received a gift from Okawaru
 19911 | Lair:2   | Got a pair of scorched gloves {god gift}
 19923 | Lair:2   | Identified the +2 pair of gloves "Gaor" {rC+ rN+++} (Okawaru gifted it to you on level 2 of the Lair of Beasts)
 20011 | Lair:2   | Found a staircase to the Shoals.
 20943 | Lair:3   | Learned a level 4 spell: Petrify
 21055 | Lair:3   | You fall through a shaft for 3 floors!
 21055 | Lair:6   | Entered Level 6 of the Lair of Beasts
 21598 | Lair:6   | Reached skill level 1 in Earth Magic
 21692 | Lair:6   | Reached skill level 1 in Transmutations
 22450 | Lair:6   | Found a viscous altar of Jiyva.
 22450 | Lair:6   | Found a staircase to the Slime Pits.
 22477 | Lair:6   | Received a gift from Okawaru
 22761 | Lair:6   | Reached XP level 14. HP: 81/108 MP: 6/28
 23014 | Lair:6   | Found a burning altar of Makhleb.
 23378 | Lair:6   | Got an ancient shield
 23384 | Lair:6   | Identified the +1 shield of Peisoh {rPois} (You took it off a red devil on level 6 of the Lair of Beasts)
 24121 | Lair:6   | Reached skill level 12 in Conjurations
 24228 | Lair:6   | Found a gateway to Hell.
 25228 | Lair:3   | Learned a level 4 spell: Sticky Flame
 25319 | Lair:3   | Found a hole to the Spider Nest.
 26021 | Lair:4   | Killed Gastronok
 26231 | Lair:4   | Reached skill level 1 in Fire Magic
 27096 | D:14     | Noticed Rupert
 27104 | D:13     | Reached skill level 10 in Fighting
 27417 | D:13     | Received a gift from Okawaru
 27449 | D:13     | Got a twisted helmet {god gift}
 27462 | D:13     | Identified the -3 helmet of Okawaru's Benevolence {rC+++ Str-2 Int+3} (Okawaru gifted it to you on level 13 of the Dungeon)
 28616 | D:13     | Mangled by an ettin

Skill      XL: |  1  2  3  4  5  6  7  8  9 10 11 12 13 14 |
---------------+-------------------------------------------+-----
Dodging        | 2 3 4 5 6 |  6.8
Fighting       | 1 2 3 4 5 6 7 8 9 10 | 10.1
Stealth        | 2 3 4 |  4.6
Spellcasting   | 3 4 5 6 7 8 9 10 11 | 11.4
Conjurations   | 5 6 7 8 9 10 11 12 | 12.3
Armour         | 1 2 3 4 |  4.6
Shields        | 2 4 5 6 8 |  8.3
Unarmed Combat | 1 2 3 4 5 6 8 |  8.1
Invocations    | 2 5 7 8 9 |  9.0
Poison Magic   | 2 3 |  3.0
Earth Magic    | 2 3 |  3.0
Transmutations | 2 |  2.0
Fire Magic     | 1 |  1.9
Polearms       | |  0.3
Evocations     | |  0.2

Action                   |  1- 3 |  4- 6 |  7- 9 | 10-12 | 13-15 || total
-------------------------+-------+-------+-------+-------+-------++-------
Melee: Unarmed           |    15 |    14 |   151 |   404 |   960 ||  1544
       Short sword       |     6 |       |       |       |       ||     6
       Glaive            |     2 |       |       |       |       ||     2
 Cast: Magic Dart        |    51 |    28 |   132 |   104 |    24 ||   339
       Searing Ray       |     8 |    20 |    84 |    99 |    30 ||   241
       Iskenderun's Myst |       |       |       |   141 |   186 ||   327
       Venom Bolt        |       |       |       |       |     7 ||     7
       Sticky Flame      |       |       |       |       |     7 ||     7
Invok: Heroism           |       |       |       |     8 |    20 ||    28
       Finesse           |       |       |       |     1 |     5 ||     6
Evoke: Wand              |       |     1 |     2 |     7 |     2 ||    12
  Use: Scroll            |     5 |       |    12 |    14 |    16 ||    47
       Potion            |     1 |       |       |     5 |     5 ||    11
 Stab: Sleeping          |       |       |     1 |     2 |     3 ||     6
       Distracted        |       |       |       |     1 |       ||     1
  Eat: Chunk             |     5 |     3 |    17 |    28 |    31 ||    84
       Pizza             |       |     1 |       |     3 |     3 ||     7
       Beef jerky        |       |       |     1 |     4 |       ||     5
       Fruit             |       |       |     1 |       |     2 ||     3
Armor: Robe              |     3 |       |       |       |       ||     3
       Leather armour    |     1 |    10 |    50 |    21 |       ||    82
       Troll leather arm |       |       |       |   114 |   203 ||   317
       Scale mail        |       |       |       |     8 |     1 ||     9
       Mottled dragon sc |       |       |       |       |     8 ||     8
Dodge: Dodged            |    18 |    33 |   100 |   300 |   436 ||   887
Block: Other             |     4 |    15 |     3 |       |       ||    22
       Buckler           |       |       |   138 |   395 |   275 ||   808
       Shield            |       |       |       |       |   481 ||   481
